 Dungeon Crawl Stone Soup version 0.30-a0-946-gec5dcfc036 (webtiles) character file.

Game seed: 5508067558519406059

2060 Ge0ff the Skirmisher (level 9, -12/66 HPs)
             Began as a Minotaur Air Elementalist on Mar 26, 2023.
             Was a Follower of Hepliaklqana.
             Killed from afar by an acid dragon (30 damage)
             ... with a splash of acid
             ... on level 7 of the Dungeon.
             The game lasted 00:14:41 (7337 turns).

Ge0ff the Skirmisher (Minotaur Air Elementalist)    Turns: 7337, Time: 00:14:42

Health: -12/66     AC:  7    Str: 13    XL:     9   Next: 5%
Magic:  10/10      EV:  7    Int: 12    God:    Hepliaklqana [*.....]
Gold:   357        SH:  0    Dex: 21    Spells: 10/10 levels left

rFire   . . .      SeeInvis .    a - +1 sling (flame)
rCold   . . .      Faith    .    (no shield)
rNeg    . . .      Spirit   .    B - +2 chain mail {Will+}
rPois   .          Reflect  .    (helmet restricted)
rElec   .          Rampage  .    (no cloak)
rCorr   .                        (no gloves)
Will    +....                    (no boots) Stlth
                                 (no amulet)
HPRegen 0.31/turn                Y - +4 ring of slaying
MPRegen 0.12/turn                J - +6 ring of dexterity

@: corroded
A: reduced essence, horns 2, retaliatory headbutt
a: Renounce Religion, Recall Ancestor, Ancestor Identity


You were on level 7 of the Dungeon.
You worshipped Hepliaklqana.
Hepliaklqana was aware of your devotion.
You visited 2 branches of the dungeon, and saw 8 of its levels.

You collected 357 gold pieces.

Inventory:

Hand Weapons
 a - a +1 sling of flaming (weapon)
 b - a +3 short sword
 S - a +1 rapier of venom
Missiles
 N - 2 javelins
 W - 53 poisoned darts
Armour
 B - a +2 chain mail of willpower (worn)
Jewellery
 J - a +6 ring of dexterity (right hand)
 O - a ring of positive energy
 X - a +4 ring of protection
 Y - a +4 ring of slaying (left hand)
Wands
 f - a wand of flame (32)
 j - a wand of quicksilver (5)
 p - a wand of paralysis (11)
 r - a wand of roots (1)
 P - a wand of polymorph (14)
Scrolls
 D - 3 scrolls of torment
 E - 2 scrolls of fear
 F - 3 scrolls of fog
 T - 6 scrolls of teleportation
 U - a scroll of vulnerability {unknown}
 Z - 2 scrolls of brand weapon
Potions
 q - 3 potions of curing
 H - 2 potions of flight {unknown}
 K - a potion of magic {!q}
 L - 2 potions of might {unknown}
 Q - 2 potions of degeneration {unknown}
 R - 3 potions of ambrosia {unknown}
 V - 5 potions of haste {unknown}


   Skills:
 - Level 5.0 Fighting
 * Level 10.3 Ranged Weapons
 - Level 5.0 Armour
 - Level 2.1 Dodging
 - Level 1.5 Stealth
 - Level 1.3 Spellcasting
 - Level 0.6 Conjurations
 - Level 2.1 Air Magic
 - Level 3.0 Evocations


You had 10 spell levels left.
You didn't know any spells.
Your spell library contained the following spells:

 Spells                   Type           Power      Damage    Failure   Level
 Shock                    Conj/Air       16%        1d4       99%         1
 Necrotise                Necr           0%         1d4       100%        1
 Static Discharge         Conj/Air       8%         2-3/arc   100%        2
 Sublimation of Blood     Necr           0%         N/A       100%        2
 Swiftness                Air            6%         N/A       100%        3
 Vampiric Draining        Necr           0%         2d6       100%        3
 Airstrike                Air            3%         2d(1-17)  100%        4
 Petrify                  Tmut/Erth      0%         N/A       100%        4
 Agony                    Necr           0%         N/A       100%        5
 Alistair's Intoxication  Tmut/Pois      0%         N/A       100%        5
 Borgnjor's Vile Clutch   Necr/Erth      0%         N/A       100%        5
 Irradiate                Conj/Tmut      0%         3d11      100%        5
 Eringya's Noxious Bog    Tmut/Pois      0%         N/A       100%        6


Dungeon Overview and Level Annotations

Branches:
Dungeon (7/15) Zot: 26809  Temple (1/1) D:4 Zot: 5871

Altars:
Ashenzari
Cheibriados
Dithmenos
Elyvilon
Fedhas
Gozag
Hepliaklqana
Makhleb
Nemelex Xobeh
Okawaru
Qazlal
Ru
Sif Muna
Uskayaw
Wu Jian
Xom
Yredelemnul
The Shining One


Innate Abilities, Weirdness & Mutations

Your life essence is reduced to manifest your ancestor. (-10% HP)
You have a pair of horns on your head.
You reflexively headbutt those who attack you in melee.


Message History

The steam dragon bites you.
The steam dragon claws you but does no damage.
The howler monkey hits you but does no damage.
The howler monkey seems less confused.
The steam dragon breathes steam at you. The ball of steam hits you!
The howler monkey hoots and howls with incredible vigour!
You hear a loud, deep croak!
The steam dragon attacks as you move away!
The steam dragon completely misses you. The steam dragon barely misses you.
You are engulfed in a cloud of scalding steam.
You choke on the stench!
You are more confused.
You bump into the rock wall.
You are engulfed in a cloud of scalding steam.
You choke on the stench!
You are more confused.
The steam dragon barely misses you.
The steam dragon claws you but does no damage.
The howler monkey hoots and howls with incredible vigour!
You bump into the rock wall.
You are engulfed in a cloud of scalding steam.
You feel better.
You are engulfed in a cloud of scalding steam.
The howler monkey is engulfed in a cloud of scalding steam.
The howler monkey appears confused.
The howler monkey hits the howler monkey!
Aiming: Quicksilver Bolt
Press: ? - help, Shift-Dir - straight line, f - howler monkey
Aim: a howler monkey (moderately wounded, confused, 91% to hit)
The bolt of dispelling energy hits the acid dragon!
The acid dragon is severely wounded.
The bolt of dispelling energy hits the howler monkey!
You kill the howler monkey!
The bolt of dispelling energy hits the howler monkey!
You kill the howler monkey!
The acid dragon spits acid at you. The splash of acid hits you!
* * * LOW HITPOINT WARNING * * *
The acid corrodes you!
You feel better. The acid dragon bites you.
* * * LOW HITPOINT WARNING * * *
The acid dragon claws you.
* * * LOW HITPOINT WARNING * * *
As you read the scroll of fear, it crumbles to dust.
You assume a fearsome visage.
The acid dragon looks frightened!
The steam dragon looks frightened!
The acid dragon spits acid at you. The splash of acid hits you!!
You die...

....$......
#.........
.......# "....#
#....# #....#
##D...# #D##..#
##@# #.# #..#
.# ####
##.####.# ###
##..###.......#
#.#
#....##.####..#
##.# #....#..#
# #..#
#....#.## #[.#
####..##.#
...###........#


You could see a steam dragon (fleeing) and an acid dragon (fleeing, catching
breath).

Vanquished Creatures
  A sky beast (D:6)
  A black bear (D:4)
  3 ogres
  3 kobold brigands
  3 scorpions
  Dowan (D:6)
  4 howler monkeys
  3 orc priests
  2 hounds (D:6)
  6 jellies
  2 sleepcaps
  Jessica (D:2)
  An iguana (D:6)
  Natasha (thrice) (D:2)
  5 orc wizards
  Robin (D:2)
  3 adders
  2 shadow imps
  A worm (D:4)
  3 dart slugs
  20 orcs
  3 ball pythons (D:2)
  10 endoplasms
  13 goblins
  9 hobgoblins
  4 jackals
  4 quokkas
  7 bats
  7 frilled lizards
  27 kobolds
  2 rats (D:2)
155 creatures vanquished.

Vanquished Creatures (collateral kills)
  Duvessa (D:6)
  A water moccasin (D:7)
  An iguana (D:6)
  3 kobolds (D:6)
6 creatures vanquished.

Vanquished Creatures (others)
  3 ancestors
  5 fungi
  13 toadstools (D:3)
21 creatures vanquished.

Grand Total: 182 creatures vanquished

Notes
Turn   | Place    | Note
-------+----------+-------------------------------------------
     0 | D:1      | Ge0ff the Minotaur Air Elementalist began the quest for the
                  | Orb.
     0 | D:1      | Reached XP level 1. HP: 14/14 MP: 1/1
   221 | D:1      | Reached skill level 1 in Fighting
   401 | D:1      | Reached XP level 2. HP: 24/24 MP: 3/3
   949 | D:2      | Noticed Natasha
   953 | D:2      | Killed Natasha
   954 | D:2      | Reached XP level 3. HP: 24/33 MP: 4/4
  1431 | D:2      | Reached XP level 4. HP: 40/40 MP: 1/5
  1650 | D:2      | Noticed Robin
  1667 | D:2      | Reached skill level 1 in Evocations
  1673 | D:2      | Noticed Natasha
  1676 | D:2      | Killed Robin
  1687 | D:2      | Killed Natasha
  1830 | D:2      | Noticed Jessica
  1832 | D:2      | Killed Jessica
  1833 | D:2      | Reached XP level 5. HP: 47/47 MP: 6/6
  1875 | D:2      | Found a faded altar of an unknown god.
  1972 | D:2      | Noticed Natasha
  1975 | D:2      | Killed Natasha
  1976 | D:2      | Reached skill level 5 in Fighting
  1976 | D:2      | Reached skill level 1 in Ranged Weapons
  2444 | D:2      | Found a faded altar of an unknown god.
  2966 | D:3      | Found a sparkling altar of Nemelex Xobeh.
  3091 | D:3      | Reached skill level 2 in Ranged Weapons
  3353 | D:3      | Reached XP level 6. HP: 47/56 MP: 7/7
  3397 | D:3      | Reached skill level 3 in Ranged Weapons
  3896 | D:4      | Reached skill level 4 in Ranged Weapons
  4301 | D:4      | Reached skill level 5 in Ranged Weapons
  4319 | D:4      | Reached XP level 7. HP: 48/61 MP: 8/8
  4424 | D:4      | Reached skill level 1 in Armour
  4501 | D:4      | Reached skill level 6 in Ranged Weapons
  4541 | D:4      | Found an iron altar of Okawaru.
  4627 | D:4      | Found a glowing golden altar of the Shining One.
  4727 | D:4      | Found a staircase to the Ecumenical Temple.
  4750 | Temple   | Entered the Ecumenical Temple
  4874 | Temple   | Became a worshipper of Hepliaklqana the Forgotten
  5033 | D:5      | Entered Level 5 of the Dungeon
  5322 | D:5      | Reached skill level 7 in Ranged Weapons
  5666 | D:5      | Reached XP level 8. HP: 68/68 MP: 9/9
  5983 | D:5      | Reached * piety under Hepliaklqana
  6120 | D:6      | Noticed Dowan
  6120 | D:6      | Noticed Duvessa
  6128 | D:6      | Killed Duvessa
  6133 | D:6      | Killed Dowan
  6134 | D:6      | Reached skill level 8 in Ranged Weapons
  6356 | D:6      | Reached skill level 5 in Armour
  6626 | D:6      | Reached skill level 9 in Ranged Weapons
  6816 | D:6      | Found a snail-covered altar of Cheibriados.
  7218 | D:7      | Reached skill level 10 in Ranged Weapons
  7218 | D:7      | Reached XP level 9. HP: 66/66 MP: 10/10
  7337 | D:7      | Killed from afar by an acid dragon

Illustrated notes

Levels and vault maps discovered:
D:1:      dpeg_cavernosity, layout_rooms
D:2:      layout_loops_corners, hellmonk_ecumenical_altar_run_dry,
          minmay_3d_cube, uniq_natasha, uniq_jessica, uniq_robin
D:3:      cheibrodos_fertilizer, layout_basic,
          mainiacjoe_overflow_six_doors_small
D:4:      layout_cave_pools, kennysheep_mini_moat,
          nicolae_tso_swordbearing_angel, lemuel_temple_firewalk_b
D:5:      layout_cave_pods
D:6:      layout_loops_corners, kennysheep_slug_shrine, moated_statue,
          uniq_duvessa
D:7:      layout_cave_pods, trog_book, minmay_curled_crystal, st_stairs_12,
          david_defended_altar_orc
Temple:   compressed_dpeg_circular_temple

Skill      XL: |  1  2  3  4  5  6  7  8 |
---------------+-------------------------+-----
Fighting       | 2 4 5 |  5.0
Evocations     | 1 2 3 |  3.0
Ranged Weapons | 2 5 7 10 | 10.3
Armour         | 3 5 |  5.0
Dodging        | |  2.1
Stealth        | |  1.5
Spellcasting   | |  1.3
Conjurations   | |  0.6
Air Magic      | |  2.1

Action                     |  1- 3 |  4- 6 |  7- 9 || total
---------------------------+-------+-------+-------++-------
  Melee: Whip              |    78 |    30 |       ||   108
         Headbutt          |     5 |     5 |       ||    10
         Short sword       |       |       |     3 ||     3
   Fire: Sling             |       |   132 |   182 ||   314
   Cast: Shock             |    13 |       |       ||    13
 Invoke: Ancestor Identity |       |       |     1 ||     1
  Evoke: Wand              |     1 |     8 |     6 ||    15
    Use: Scroll            |     2 |       |    10 ||    12
         Potion            |       |       |     2 ||     2
   Stab: Sleeping          |     1 |     3 |       ||     4
         Paralysed         |       |     4 |     3 ||     7
 Armour: Robe              |    10 |       |       ||    10
         Leather armour    |       |    27 |       ||    27
         Chain mail        |       |       |    74 ||    74
  Dodge: Dodged            |    40 |    58 |    27 ||   125

Table legend: (Time is in decaauts)
 A = Elapsed time spent in this place.
 B = Non-inter-level travel time spent in this place.
 C = Inter-level travel time spent in this place.
 D = Time resting spent in this place.
 E = Time spent auto-exploring this place.
 F = Levels seen in this place.
 G = Mean time per level.
                   A        B        C        D        E       F      G
               +--------+--------+--------+--------+--------+-----+--------+
         Total |   7490 |   7238 |    252 |    308 |   5592 |   8 |  936.2 |
       Dungeon |   7362 |   7143 |    219 |    308 |   5514 |   7 | 1051.7 |
        Temple |    128 |     95 |     33 |      0 |     78 |   1 |  128.0 |
               +--------+--------+--------+--------+--------+-----+--------+

Top non-repeatable levels by time:
     D:2: 2141 daAuts
     D:3: 1139 daAuts
     D:5: 1109 daAuts
     D:6: 1079 daAuts
     D:4: 885 daAuts
     D:1: 817 daAuts
     D:7: 189 daAuts
  Temple: 128 daAuts
